 Dungeon Crawl Stone Soup version 0.21-a0-529-g8c7b3f5 (webtiles) character file.

1453 polythemia the Cruncher (level 8, -2/48 HPs)
             Began as a Gargoyle Gladiator on Dec 9, 2017.
             Slain by an ice beast (9 damage)
             ... on level 5 of the Dungeon.
             The game lasted 00:10:25 (5349 turns).

polythemia the Cruncher (Gargoyle Gladiator)        Turns: 5349, Time: 00:10:26

Health: -2/48      AC: 15    Str: 18    XL:     8   Next: 75%
Magic:  8/8        EV:  8    Int:  9    God:
Gold:   215        SH:  0    Dex: 13    Spells: 7/7 levels left

rFire    . . .     SeeInvis .   a - +1 quarterstaff
rCold    . . .     Gourm    .   (shield currently unavailable)
rNeg     + . .     Faith    .   i - +0 chain mail
rPois    ∞         Spirit   .   c - +0 helmet
rElec    +         Reflect  .   (no cloak)
rCorr    .         Harm     .   (no gloves)
MR       .....                  (no boots)
Stlth    ..........             k - amulet of regeneration
HPRegen  0.56/turn              v - ring of flight
MPRegen  0.11/turn              (no ring)

@: no status effects
A: negative energy resistance 1, electricity resistance, unbreathing,
petrification resistance, rot immunity, AC +5
a: Evoke Flight


You were on level 5 of the Dungeon.
You were not hungry.

You visited 1 branch of the dungeon, and saw 5 of its levels.

You collected 215 gold pieces.

Inventory:

Hand Weapons
 a - a +1 quarterstaff (weapon)
Missiles
 d - a throwing net (quivered)
Armour
 b - a +0 leather armour
 c - a +0 helmet (worn)
 i - a +0 chain mail (worn)
Magical Staves
 t - an uncursed staff of wizardry
Jewellery
 k - an amulet of regeneration (around neck)
 v - a ring of flight (left hand)
Wands
 q - a wand of paralysis (12)
 u - a wand of scattershot (2)
Scrolls
 l - 4 scrolls of teleportation
Potions
 e - 3 potions of curing
 o - a potion of lignification
 r - a potion of magic {unknown}
Comestibles
 f - 4 bread rations
 j - a meat ration
 m - a royal jelly


   Skills:
 + Level 4.0 Fighting
 - Level 10.0 Staves
 - Level 1.7 Throwing
 + Level 3.2 Armour
 - Level 2.4 Dodging


You had 7 spell levels left.
You didn't know any spells.

Dungeon Overview and Level Annotations

Branches:
Dungeon (5/15)
 Temple: D:4-7

Altars:
Makhleb
Trog
Wu Jian


Innate Abilities, Weirdness & Mutations

You are resistant to torment.
Your stone body is resilient. (AC +5)
You are immune to poison.
You resist negative energy. (rN+)
You are resistant to electric shocks. (rElec)
You can survive without breathing.
You are immune to petrification.
You are immune to rotting.


Message History

You thump the orc!
You kill the orc!
The ice beast hits you. The ice beast freezes you.
You take 7 damage, and have 19/48 hp.
You sock the orc!
You kill the orc!
The ice beast hits you but does no damage.
Spoiler Alert: The ice beast can hit for moderate damage in melee!
You hit the ice beast but do no damage. The ice beast hits you.
The ice beast freezes you!
* * * LOW HITPOINT WARNING * * *
You take 13 damage, and have 6/48 hp.
MASSIVE DAMAGE!!
You closely miss the ice beast. You hit the ice beast but do no damage.
The ice beast hits you but does no damage.
Spoiler Alert: The ice beast can hit for moderate damage in melee!
You barely miss the ice beast. The ice beast hits you.
* * * LOW HITPOINT WARNING * * *
The ice beast freezes you!
You die...

....... # ........... .
............. .##.
............ #.<.
...........# #..#
...........#######...##.
.........>..............
...........@Y..†.)......
#.......)..###.[........
.......÷..## #..........
........<.# ............
..........##............
..........##............
..........####..........
#........## #..........
##......##


You could see an ice beast.

Vanquished Creatures
  The ghost of Nirn the Cleaver, a novice DsGl (D:5)
  The ghost of Typee the Sneak, a novice OpFE of Kikubaaqudgha (D:4)
  Sigmund (D:4)
  An ogre (D:4)
  2 scorpions
  A howler monkey (D:4)
  2 orc priests
  A centaur skeleton (D:4)
  2 iguanas
  4 worker ants
  An orc wizard (D:4)
  5 adders
  18 gnolls
  An adder skeleton (D:4)
  An adder zombie (D:5)
  A worm (D:2)
  A dart slug (D:3)
  A leopard gecko (D:3)
  10 orcs
  11 bats
  3 giant cockroaches
  5 goblins
  5 hobgoblins
  2 jackals (D:3)
  4 frilled lizards
  7 kobolds
  14 rats
106 creatures vanquished.

Notes
Turn   | Place    | Note
-------+----------+-------------------------------------------
     0 | D:1      | polythemia the Gargoyle Gladiator began the quest for the Orb.
     0 | D:1      | Reached XP level 1. HP: 12/12 MP: 1/1
   525 | D:1      | Reached XP level 2. HP: 17/17 MP: 2/2
   930 | D:1      | Reached skill level 4 in Staves
  1012 | D:1      | Reached XP level 3. HP: 21/21 MP: 3/3
  1420 | D:2      | Reached XP level 4. HP: 26/26 MP: 4/4
  1426 | D:2      | Reached skill level 5 in Staves
  1979 | D:2      | Found a burning altar of Makhleb.
  1979 | D:2      | Noticed an Executioner
  2514 | D:3      | Reached XP level 5. HP: 22/30 MP: 5/5
  2654 | D:3      | Reached skill level 6 in Staves
  2675 | D:3      | Reached XP level 6. HP: 19/35 MP: 6/6
  3170 | D:3      | Reached skill level 7 in Staves
  3663 | D:4      | Noticed Sigmund
  4220 | D:4      | Noticed Typee's ghost (novice OpFE)
  4273 | D:4      | Killed Typee's ghost
  4273 | D:4      | Reached skill level 8 in Staves
  4273 | D:4      | Reached XP level 7. HP: 11/40 MP: 7/7
  4528 | D:4      | Found a bloodstained altar of Trog.
  4580 | D:4      | Reached skill level 9 in Staves
  4614 | D:4      | Reached XP level 8. HP: 29/44 MP: 8/8
  4835 | D:4      | Killed Sigmund
  4835 | D:4      | Reached skill level 10 in Staves
  5001 | D:4      | Found an ornate altar of the Wu Jian Council.
  5076 | D:5      | Entered Level 5 of the Dungeon
  5076 | D:5      | Noticed Nirn's ghost (novice DsGl)
  5095 | D:5      | Killed Nirn's ghost
  5349 | D:5      | Slain by an ice beast

Vault maps used:
D:1:      sevenhm_arrival_forest_fort_small_4, st_stairs_1,
          minmay_misc_feat_cross, minmay_rat_gold_closets
D:2:      makhleb_altar_promises_db, serial_glass, glass_columns_a,
          glass_columns_c, glass_columns_b, glass_columns_b, glass_columns_a,
          glass_columns_a
D:3:      first_bread, kennysheep_generic_room_8
D:4:      lemuel_round_altar, lemuel_statue_altar, uniq_sigmund
D:5:      uniq_duvessa, uniq_ijyb

Skill      XL: |  1  2  3  4  5  6  7  8 |
---------------+-------------------------+-----
Staves         | 4 5 6 8 9 10 | 10.0
Fighting       | 4 |  4.0
Armour         | 3 |  3.2
Throwing       | |  1.7
Dodging        | |  2.4

Action                   |  1- 3 |  4- 6 |  7- 9 || total
-------------------------+-------+-------+-------++-------
Melee: Quarterstaff      |   116 |   217 |   101 ||   434
Throw: Throwing net      |     1 |     1 |     2 ||     4
Evoke: Wand              |       |     1 |       ||     1
  Use: Scroll            |       |     4 |     5 ||     9
       Potion            |       |     2 |     3 ||     5
 Stab: Held in net/web   |       |       |     1 ||     1
  Eat: Chunk             |     2 |     9 |     3 ||    14
Armor: Leather armour    |    67 |     1 |       ||    68
       Chain mail        |       |   111 |    30 ||   141
       Skin              |       |       |    42 ||    42
Dodge: Dodged            |   113 |    73 |    28 ||   214

Table legend:
 A = Spawn XP
 B = Non-spawn XP
 C = Spawn XP percentage of total XP
 D = Spawn monster count
 E = Non-spawn monster count
 F = Spawn count percentage of total count
 G = Total turns spent on level
                    A         B        C        D         E        F      G
               +---------+---------+-------+---------+---------+-------+---------
         Total |       0 |    2076 |   0.0 |       0 |     106 |   0.0 |  5349
               +---------+---------+-------+---------+---------+-------+---------
           D:1 |       0 |      39 |   0.0 |       0 |      22 |   0.0 |  1275
           D:2 |       0 |      84 |   0.0 |       0 |      20 |   0.0 |  1038
           D:3 |       0 |     338 |   0.0 |       0 |      37 |   0.0 |  1360
           D:4 |       0 |    1098 |   0.0 |       0 |      18 |   0.0 |  1403
           D:5 |       0 |     517 |   0.0 |       0 |       9 |   0.0 |   273
               +---------+---------+-------+---------+---------+-------+---------
